 Dungeon Crawl Stone Soup version 0.22.1-6-g1668fe2 (webtiles) character file.

4026 yevrey the Grappler (level 10, 0/80 HPs)
             Began as a Green Draconian Transmuter on Feb 6, 2019.
             Was a Follower of Vehumet.
             Slain by a dream sheep (12 damage)
             ... on level 8 of the Dungeon.
             The game lasted 00:37:04 (10685 turns).

yevrey the Grappler (Green Draconian Transmuter)   Turns: 10685, Time: 00:37:06

Health: 0/80       AC:  9    Str: 14    XL:     10   Next: 4%
Magic:  12/27      EV: 15    Int: 16    God:    Vehumet [*.....]
Gold:   448        SH:  0    Dex: 11    Spells: 3/20 levels left

rFire    . . .     SeeInvis .     - Unarmed
rCold    . . .     Gourm    .   (no shield)
rNeg     . . .     Faith    .   (armour unavailable)
rPois    +         Spirit   .   F - +1 hat
rElec    .         Reflect  .   (no cloak)
rCorr    .         Harm     .   n - +0 pair of gloves
MR       .....                  (boots currently unavailable)
Stlth    ++........             (no amulet)
HPRegen  0.23/turn              v - ring of magical power
MPRegen  0.20/turn              K - +2 ring of evasion

@: short of breath, appendage, slightly contaminated
A: breathe noxious fumes, unfitting armour, talons 3, poison resistance,
cold-blooded, AC +7
a: Breathe Noxious Fumes, End Transformation, Renounce Religion


You were on level 8 of the Dungeon.
You worshipped Vehumet.
Vehumet was aware of your devotion.
You were not hungry.
You had grown temporary talons.
You visited 2 branches of the dungeon, and saw 10 of its levels.

You collected 448 gold pieces.

Inventory:

Hand Weapons
 s - a +0 blowgun
 N - a +3 shortbow of flaming
Missiles
 a - 165 arrows
 t - 23 poisoned needles
 E - 7 tomahawks (quivered)
Armour
 n - a +0 pair of gloves (worn)
 y - a scarf of spirit shield
 F - a +1 hat (worn)
 L - a +0 pair of boots
Jewellery
 d - an uncursed ring of poison resistance
 v - a ring of magical power (left hand)
 G - an uncursed ring of see invisible
 K - a +2 ring of evasion (right hand)
Wands
 u - a wand of clouds (4)
 A - a wand of polymorph (5)
 H - a wand of iceblast (8)
 I - a wand of digging (15)
 M - a wand of acid (4)
Scrolls
 b - 3 scrolls of amnesia {unknown}
 g - a scroll of enchant armour {unknown}
 h - 5 scrolls of teleportation {unknown}
 j - 8 scrolls of remove curse
 k - a scroll of random uselessness {unknown}
 l - 2 scrolls of brand weapon {unknown}
 m - 6 scrolls of identify
 p - a scroll of noise {unknown}
 z - a scroll of vulnerability {unknown}
 B - a scroll of blinking {unknown}
 C - 2 scrolls of fog {unknown}
Potions
 e - 5 potions of curing
 f - 2 potions of might
 i - 3 potions of degeneration {unknown}
 o - 2 potions of heal wounds
 q - a potion of brilliance {unknown}
 r - 2 potions of flight {unknown}
 w - a potion of cancellation {unknown}
 x - 2 potions of resistance {unknown}
 D - a potion of mutation {unknown}
Comestibles
 c - 2 rations
 J - 11 chunks of flesh


   Skills:
 + Level 4.7 Fighting
 + Level 0.3 Throwing
 + Level 4.4 Dodging
 + Level 3.3 Stealth
 + Level 9.5 Unarmed Combat
 + Level 5.5 Spellcasting
 * Level 5.7 Transmutations
 - Level 1.0 Ice Magic
 - Level 4.0 Poison Magic


You had 3 spell levels left.
You knew the following spells:

 Your Spells              Type           Power        Failure   Level  Hunger
a - Beastly Appendage     Tmut           ###...       1%          1    None
b - Sticks to Snakes      Tmut           ###.....     1%          2    #......
c - Spider Form           Tmut/Pois      ###.......   6%          3    ###....
d - Ice Form              Ice/Tmut       ###.....     34%         4    ####...
e - Blade Hands           Tmut           ###.......   36%         5    ######.
f - Flame Tongue          Conj/Fire      #....        14%         1    None
g - Freeze                Ice            #...         10%         1    None

Your spell library contained the following spells:

 Spells                   Type           Power        Failure   Level  Hunger
 Shock                    Conj/Air       #...         14%         1    None
 Throw Frost              Conj/Ice       #.....       19%         2    #......
 Throw Flame              Conj/Fire      #.....       22%         2    #......
 Ozocubu's Armour         Chrm/Ice       #.......     34%         3    ###....
 Conjure Flame            Conj/Fire      #.......     41%         3    ###....
 Inner Flame              Hex/Fire       #.......     41%         3    ###....
 Summon Ice Beast         Ice/Summ       #.......     75%         4    ####...
 Throw Icicle             Conj/Ice       #.......     75%         4    ####...
 Sticky Flame             Conj/Fire      #.......     82%         4    ####...
 Fireball                 Conj/Fire      #.........   99%         5    ######.


Dungeon Overview and Level Annotations

Branches:
Dungeon (9/15)             Temple (1/1) D:6
   Lair: D:8-11         Orc: D:9-12

Altars:
Ashenzari
Cheibriados
Dithmenos
Elyvilon
Fedhas
Gozag
Hepliaklqana
Kikubaaqudgha
Makhleb
Nemelex Xobeh
Okawaru
Qazlal
Ru
Sif Muna
Trog
Uskayaw
Vehumet
Xom
Yredelemnul
Zin
The Shining One

Shops:
D:4 }   D:6 (


Innate Abilities, Weirdness & Mutations

You can breathe blasts of noxious fumes.
Your lurid green scales are hard. (AC +7)
You cannot fit into any form of body armour.
Your system is resistant to poisons. (rPois)
You are cold-blooded and may be slowed by cold attacks.
You have claws for feet.


Message History

You eat one of the 12 chunks of flesh.
This raw flesh tastes terrible.
The dream sheep is too close now for your liking.
Casting: Freeze (safe; 10% risk of failure)
Confirm with . or Enter, or press ? or * to list all spells.
Your feet morph into talons.
You closely miss the dream sheep. Your kick misses the dream sheep.
Your tail-slap misses the dream sheep.
The dream sheep is lightly wounded.
You punch the dream sheep! You tail-slap the dream sheep.
The dream sheep is almost dead.
The dream sheep shakes its wool and sparkles.
You feel drowsy...
You fall asleep.
The dream sheep bites you!!
You wake up.
* * * LOW HITPOINT WARNING * * *
You hear a shout!
You hit the dream sheep but do no damage.
Your tail-slap misses the dream sheep.
The dream sheep is severely wounded.
The dream sheep bites you!
You die...

...........####.#.....#
#.####
................##'''###+#
#.#
......#########.#%%.Y.P≈.#
#.# .....## #.#..P%.≈≈P#
#.# ###### #.#.....P)(#
#.+ #.#..Y(.(≈P# ###
#.#.≈[≈.≈PP# #.####.#####
#.@Y(..# ########


You could see a dream sheep.

Vanquished Creatures
  A cyclops (D:8)
  A hippogriff (D:7)
  A yak (D:8)
  An ice beast (D:8)
  2 orc warriors
  2 phantoms
  3 sky beasts
  A black bear (D:7)
  A necrophage (D:8)
  4 ogres
  3 centaurs
  3 big kobolds
  A water moccasin zombie (D:6)
  2 bullfrogs (D:8)
  A scorpion (D:5)
  6 killer bees (D:7)
  2 quasits
  A bullfrog zombie (D:8)
  A crimson imp (D:8)
  3 jellies
  2 bullfrog skeletons
  4 hounds
  4 orc priests
  An iguana (D:5)
  6 orc wizards
  Jessica (D:3)
  4 worker ants
  Terence (D:3)
  A killer bee zombie (D:6)
  A hound skeleton (D:4)
  Robin (D:2)
  2 worker ant zombies
  9 adders
  A shadow imp (D:7)
  2 oozes (D:1)
  An adder skeleton (D:4)
  2 worms
  A dart slug (D:2)
  4 leopard geckos
  26 orcs
  8 giant cockroaches
  13 hobgoblins
  11 jackals
  8 kobolds
  3 quokkas
  A ball python (D:3)
  6 bats
  4 frilled lizards
  12 goblins
  6 rats
186 creatures vanquished.

Vanquished Creatures (collateral kills)
  An ice beast (D:4)
1 creature vanquished.

Grand Total: 187 creatures vanquished

Notes
Turn   | Place    | Note
-------+----------+-------------------------------------------
     0 | D:1      | yevrey the Draconian Transmuter began the quest for the
                  | Orb.
     0 | D:1      | Reached XP level 1. HP: 16/16 MP: 3/3
    48 | D:1      | Reached XP level 2. HP: 13/23 MP: 3/5
    52 | D:1      | Learned a level 2 spell: Sticks to Snakes
   988 | D:2      | Reached XP level 3. HP: 29/29 MP: 4/6
  1198 | D:2      | Noticed Robin
  1265 | D:1      | Learned a level 3 spell: Spider Form
  1290 | D:2      | Killed Robin
  1290 | D:2      | Reached skill level 4 in Unarmed Combat
  1290 | D:2      | Reached XP level 4. HP: 8/36 MP: 2/7
  1367 | D:2      | Noticed a big kobold
  1707 | D:2      | Killed a big kobold
  1710 | D:2      | Reached XP level 5. HP: 41/42 MP: 5/8
  2174 | D:2      | Found a glowing golden altar of the Shining One.
  2348 | D:2      | Found a burning altar of Makhleb.
  2348 | D:2      | Noticed a cacodemon
  2352 | D:2      | Noticed an orange demon
  2352 | D:2      | Noticed a ynoxinul
  2601 | D:3      | Noticed a dagger
  2601 | D:3      | Noticed a dagger
  2611 | D:3      | Found a hide-covered altar of Uskayaw.
  2908 | D:3      | Noticed Terence
  2917 | D:3      | Killed Terence
  3439 | D:4      | Found Wuaceule's Gadget Shoppe.
  3571 | D:3      | Noticed Jessica
  3579 | D:3      | Killed Jessica
  3579 | D:3      | Reached skill level 1 in Poison Magic
  3579 | D:3      | Reached XP level 6. HP: 35/51 MP: 6/10
  3777 | D:4      | Reached skill level 1 in Stealth
  3787 | D:4      | Reached skill level 5 in Unarmed Combat
  4247 | D:4      | Found a sacrificial altar of Ru.
  4249 | D:4      | Found a basalt altar of Yredelemnul.
  4249 | D:4      | Noticed an ice beast
  4308 | D:4      | Found a bloodstained altar of Trog.
  4571 | D:5      | Entered Level 5 of the Dungeon
  4640 | D:5      | Noticed an angel
  4648 | D:5      | Your scales start taking on a lurid green colour.
  4648 | D:5      | Reached XP level 7. HP: 45/57 MP: 11/11
  4648 | D:5      | Gained mutation: Your system is resistant to poisons.
                  | (rPois) [Green Draconian growth]
  4652 | D:5      | Found a glowing silver altar of Zin.
  4652 | D:5      | Found a shimmering altar of Xom.
  4700 | D:6      | Found a white marble altar of Elyvilon.
  5337 | D:5      | Found an opulent altar of Gozag.
  5457 | D:5      | Reached skill level 6 in Unarmed Combat
  5949 | D:4      | Learned a level 4 spell: Ice Form
  6797 | D:6      | Reached XP level 8. HP: 48/66 MP: 13/13
  7126 | D:6      | Found a snail-covered altar of Cheibriados.
  7229 | D:6      | Found Omeph's Weapon Shoppe.
  7599 | D:6      | Found a staircase to the Ecumenical Temple.
  7605 | Temple   | Entered the Ecumenical Temple
  7864 | Temple   | Became a worshipper of Vehumet
  7941 | D:6      | Found an iron altar of Okawaru.
  7948 | D:6      | Learned a level 5 spell: Blade Hands
  8128 | D:7      | Reached skill level 7 in Unarmed Combat
  8528 | D:7      | Found a blossoming altar of Fedhas.
  8629 | D:7      | Found a radiant altar of Vehumet.
  8695 | D:7      | Reached XP level 9. HP: 58/72 MP: 16/16
  9296 | D:8      | Reached * piety under Vehumet
  9296 | D:8      | Offered knowledge of Shock by Vehumet.
  9311 | D:8      | Reached skill level 5 in Spellcasting
  9656 | D:8      | Reached skill level 8 in Unarmed Combat
  9685 | D:8      | Found an opulent altar of Gozag.
  9695 | D:8      | Reached skill level 5 in Transmutations
  9973 | D:8      | Noticed a cyclops
 10511 | D:8      | Learned a level 1 spell: Flame Tongue
 10514 | D:8      | Learned a level 1 spell: Freeze
 10559 | D:8      | Reached skill level 9 in Unarmed Combat
 10588 | D:8      | Killed a cyclops
 10588 | D:8      | Reached skill level 1 in Ice Magic
 10632 | D:8      | Reached XP level 10. HP: 74/77 MP: 18/18
 10685 | D:8      | Slain by a dream sheep

Skill      XL: |  1  2  3  4  5  6  7  8  9 |
---------------+----------------------------+-----
Fighting       | 2 3 4 |  4.7
Unarmed Combat | 4 5 6 7 9 |  9.5
Transmutations | 3 4 5 |  5.7
Poison Magic   | 1 2 3 4 |  4.0
Stealth        | 1 2 3 |  3.3
Spellcasting   | 3 4 5 |  5.5
Dodging        | 2 3 4 |  4.4
Ice Magic      | 1 |  1.0
Throwing       | |  0.3

Action                   |  1- 3 |  4- 6 |  7- 9 | 10-12 || total
-------------------------+-------+-------+-------+-------++-------
Melee: Unarmed           |    90 |   190 |   368 |     5 ||   653
       Kick              |     4 |     1 |     8 |       ||    13
       Tailslap          |     7 |     9 |    17 |     1 ||    34
       Headbutt          |     3 |     3 |     5 |       ||    11
       Punch             |     1 |       |     4 |       ||     5
 Fire: Blowgun           |       |       |     9 |       ||     9
       Shortbow          |       |       |     3 |     1 ||     4
 Cast: Beastly Appendage |    10 |     6 |    10 |     1 ||    27
       Spider Form       |     1 |    15 |    27 |       ||    43
       Sticks to Snakes  |       |       |     7 |       ||     7
       Ice Form          |       |       |     1 |       ||     1
       Freeze            |       |       |     3 |     3 ||     6
       Flame Tongue      |       |       |     2 |     1 ||     3
       Blade Hands       |       |       |     1 |       ||     1
 Abil: End Transformatio |       |     1 |       |       ||     1
       Breathe Noxious F |       |       |     2 |     2 ||     4
  Use: Potion            |       |     1 |     3 |     1 ||     5
       Scroll            |       |       |     3 |       ||     3
 Stab: Sleeping          |       |     3 |     2 |       ||     5
       Confused          |       |       |     3 |       ||     3
  Eat: Chunk             |     1 |    13 |    11 |     2 ||    27
       Ration            |       |       |     4 |       ||     4
Armor: Skin              |    34 |    42 |    61 |     2 ||   139
Dodge: Dodged            |    80 |   145 |   297 |     7 ||   529
